 Dungeon Crawl Stone Soup version 0.31-a0-115-g4708a659fe (webtiles) character file.

Game seed: 10975420727961551697

744 Maxmaps the Trooper (level 7, -5/56 HPs)
             Began as a Demonspawn Monk on May 29, 2023.
             Killed from afar by a steam dragon (17 damage)
             ... with a ball of steam
             ... on level 5 of the Dungeon on May 30, 2023.
             The game lasted 00:08:08 (4187 turns).

Maxmaps the Trooper (Demonspawn Monk)               Turns: 4187, Time: 00:08:09

Health: -5/56      AC:  9    Str: 18    XL:     7   Next: 47%
Magic:  0/7        EV: 10    Int: 13    God:
Gold:   284        SH: 13    Dex: 15    Spells: 6/6 levels left

rFire   . .          .
                       - Unarmed
rCold   + + +        t - +4 kite shield of the Turtledove {rPois rC+++ Slay+2 Stlth-}
rNeg    . . .        y - +0 scale mail
rPois   +            (no helmet)
rElec   .            u - +0 cloak
rCorr   +            d - +0 pair of gloves
SInv    .            (no boots)
Will    .....        f - amulet of guardian spirit Stlth
                     h - +6 ring of strength
HPRegen 0.29/turn    s - ring of resist corrosion
MPRegen 0.10/turn

%: guardian spirit
@: no status effects
A: sturdy frame 1, condensation shield, weakness stinger 2
a: no special abilities


You were on level 5 of the Dungeon.
You visited 2 branches of the dungeon, and saw 6 of its levels.

You collected 284 gold pieces.

Inventory:

Missiles
 n - a throwing net (quivered)
Armour
 a - a +0 robe
 c - an orb of light
 d - a +0 pair of gloves (worn)
 t - the +4 kite shield of the Turtledove (worn) {rPois rC+++ Slay+2 Stlth-}
   (You found it on level 3 of the Dungeon)

   Slay:      It affects your accuracy & damage with ranged weapons and melee
   (+2).
   rC:        It renders you almost immune to cold.
   rPois:     It protects you from poison.
   Stlth:     It makes you less stealthy.
 u - a +0 cloak (worn)
 y - a +0 scale mail (worn)
Jewellery
 f - an amulet of guardian spirit (around neck)
 h - a +6 ring of strength (left hand)
 o - a ring of wizardry
 s - a ring of resist corrosion (right hand)
 z - a +5 ring of evasion
Wands
 m - a wand of mindburst (18)
Scrolls
 g - 6 scrolls of identify {unknown}
 i - a scroll of enchant armour {unknown}
 j - 3 scrolls of poison {unknown}
 k - a scroll of magic mapping {unknown}
 l - 3 scrolls of vulnerability {unknown}
 p - a scroll of noise {unknown}
 r - 2 scrolls of teleportation {unknown}
 A - a scroll of fear {unknown}
Potions
 b - a potion of enlightenment {unknown}
 e - a potion of curing
 q - a potion of invisibility {unknown}
 v - 2 potions of magic {unknown}
 w - a potion of mutation {unknown}
 x - a potion of brilliance


   Skills:
 - Level 5.1 Fighting
 + Level 3.1 Armour
 - Level 2.7 Dodging
 - Level 4.3 Shields
 - Level 4.2 Unarmed Combat


You had 6 spell levels left.
You didn't know any spells.
Your spell library contained the following spells:

 Spells                   Type           Power      Damage    Failure   Level
 Dazzling Flash           Conj/Hex       0%         N/A       99%         3
 Agony                    Necr           0%         N/A       100%        5
 Silence                  Hex/Air        0%         N/A       100%        5


Dungeon Overview and Level Annotations

Branches:
Dungeon (5/15)             Temple (1/1) D:4

Altars:
Ashenzari
Dithmenos
Kikubaaqudgha
Makhleb
Nemelex Xobeh
Okawaru
Ru
Trog
Uskayaw
Vehumet
Wu Jian
Yredelemnul

Shops:
D:1 =   D:3 =

Annotations:
D:1 1 transporter


Innate Abilities, Weirdness & Mutations

Your movements are slightly less encumbered by armour. (ER -2)
A meltable shield of frost defends you. (SH +0)
You have a tail ending in a sharp stinger.


Message History

You block the jackal's attack.
The jackal bites you but does no damage.
The jackal closely misses you.
You barely miss the jackal. You tail-slap the jackal.
You kill the jackal!
You block the jackal's attack.
The jackal bites you but does no damage.
You barely miss the jackal.
The jackal bites you but does no damage.
You block the jackal's attack.
A steam dragon comes into view.
The jackal barely misses you.
You barely miss the jackal.
Your tail-slap misses the jackal.
You block the jackal's attack. x2; The jackal barely misses you.
The steam dragon breathes steam at you. The ball of steam hits you!
Your condensation shield dissipates!
You miss the jackal. You tail-slap the jackal.
The jackal is severely wounded.
You are engulfed in a cloud of scalding steam.
The jackal is engulfed in a cloud of scalding steam.
The jackal dies!
The jackal is engulfed in a cloud of scalding steam.
The jackal dies!
A scorpion comes into view.
Unknown command.
Unknown command.
You are engulfed in a cloud of scalding steam.
The scorpion moves out of view.
You are engulfed in a cloud of scalding steam.
* * * LOW HITPOINT WARNING * * *
The scorpion is engulfed in a cloud of scalding steam.
The steam dragon breathes steam at you. The ball of steam hits you!
* * * LOW HITPOINT WARNING * * *
There are monsters nearby!
You feel better. The steam dragon breathes steam at you.
The ball of steam hits you!!
You die...

#....###.#......[##
###.#.#.##.####..##
##.##.###.#..<.... #.[.###
#.#....... # #...#
#.#.##.... ...## #...#
#.#.##.... ..s§.. #...#
#.........
....#s###...#######.##.###
....§D§§§@......>##.##. #
....§§)§...§........##. #
..#....†..§......#####. #
#.#.###...###### .....
#...# ..### #..... #...###
#...# #....


There were no monsters in sight!

Vanquished Creatures
  Menkaure (D:4)
  A black bear (D:5)
  An ogre (D:5)
  A scorpion (D:4)
  A gnoll sergeant (D:3)
  2 hounds
  2 orc priests
  An orc wizard (D:3)
  5 adders
  4 gnolls (D:3)
  2 worms (D:3)
  4 dart slugs
  7 orcs
  3 endoplasms
  2 giant cockroaches (D:2)
  7 goblins
  5 hobgoblins
  10 jackals
  3 quokkas
  14 ball pythons
  9 bats
  5 frilled lizards
  5 kobolds
  3 rats
98 creatures vanquished.

Vanquished Creatures (others)
  2 jackals (D:5)
2 creatures vanquished.

Grand Total: 100 creatures vanquished

Notes
Turn   | Place    | Note
-------+----------+-------------------------------------------
     0 | D:1      | Maxmaps the Demonspawn Monk began the quest for the Orb.
     0 | D:1      | Reached XP level 1. HP: 18/18 MP: 1/1
   115 | D:1      | Gained mutation: A meltable shield of frost defends you.
                  | (SH +0) [demonic ancestry]
   115 | D:1      | Reached XP level 2. HP: 7/24 MP: 2/2
   230 | D:1      | Found Awyjykk's Jewellery Boutique.
   787 | D:2      | Gained mutation: You have a small tail. [demonic ancestry]
   787 | D:2      | Reached XP level 3. HP: 29/29 MP: 3/3
  1242 | D:2      | Found a faded altar of an unknown god.
  1721 | D:3      | Reached skill level 1 in Shields
  1721 | D:3      | Reached XP level 4. HP: 10/35 MP: 1/4
  1823 | D:3      | Noticed a gnoll sergeant
  1841 | D:3      | Killed a gnoll sergeant
  1842 | D:3      | Gained mutation: You have a tail ending in a sharp stinger.
                  | [demonic ancestry]
  1842 | D:3      | Reached XP level 5. HP: 41/41 MP: 5/5
  1907 | D:3      | Identified the +4 kite shield of the Turtledove {rPois
                  | rC+++ Slay+2 Stlth-}
  2158 | D:3      | Reached XP level 6. HP: 47/47 MP: 6/6
  2445 | D:3      | Found Gumasa Wuyb's Jewellery Boutique.
  2806 | D:4      | Found a staircase to the Ecumenical Temple.
  2818 | Temple   | Entered the Ecumenical Temple
  3208 | D:4      | Reached skill level 4 in Fighting
  3437 | D:4      | Noticed Menkaure
  3446 | D:4      | Killed Menkaure
  3447 | D:4      | Reached skill level 5 in Fighting
  3447 | D:4      | Gained mutation: Your movements are slightly less
                  | encumbered by armour. (ER -2) [demonic ancestry]
  3447 | D:4      | Reached XP level 7. HP: 31/56 MP: 3/7
  4016 | D:5      | Entered Level 5 of the Dungeon
  4102 | D:5      | Reached skill level 1 in Armour
  4181 | D:5      | Noticed a steam dragon
  4187 | D:5      | Killed from afar by a steam dragon

Illustrated notes

Levels and vault maps discovered:
D:1:      spicycebolla_arrival_transporter_tutorial, layout_basic, serial_shops,
          shop, wad_floor_pattern_untrapped
D:2:      layout_basic, basic_ecumenical_altar, minmay_fractal_squares_gapless_5
D:3:      layout_loops_ring, serial_shops, nicolae_shop_tiny_glass
D:4:      layout_gridville, minmay_temple_entry_arrows, uniq_menkaure
D:5:      layout_loops_cross, led_sif_pool,
          mainiacjoe_overflow_concentric_impassable
Temple:   dpeg_chambers_temple

Skill      XL: |  1  2  3  4  5  6  7 |
---------------+----------------------+-----
Unarmed Combat | 3 4 |  4.2
Shields        | 1 3 4 |  4.3
Fighting       | 5 |  5.1
Armour         | 3 |  3.1
Dodging        | |  2.7

Action                     |  1- 3 |  4- 6 |  7- 9 || total
---------------------------+-------+-------+-------++-------
  Melee: Unarmed           |   154 |   135 |    37 ||   326
         Punch             |     5 |       |       ||     5
         Tailslap          |    10 |    13 |     8 ||    31
    Use: Potion            |       |     6 |     1 ||     7
   Stab: Sleeping          |     2 |       |       ||     2
 Armour: Robe              |    23 |     6 |       ||    29
         Skin              |       |     7 |       ||     7
         Scale mail        |       |       |    15 ||    15
  Dodge: Dodged            |   103 |    33 |    11 ||   147
  Block: Other             |    23 |       |       ||    23
         Buckler           |     8 |     2 |       ||    10
         Kite shield       |       |    88 |    33 ||   121

Table legend: (Time is in decaauts)
 A = Elapsed time spent in this place.
 B = Non-inter-level travel time spent in this place.
 C = Inter-level travel time spent in this place.
 D = Time resting spent in this place.
 E = Time spent auto-exploring this place.
 F = Levels seen in this place.
 G = Mean time per level.
                   A        B        C        D        E       F      G
               +--------+--------+--------+--------+--------+-----+--------+
         Total |   4186 |   3914 |    272 |    340 |   2781 |   6 |  697.7 |
       Dungeon |   3917 |   3707 |    210 |    340 |   2588 |   5 |  783.4 |
        Temple |    268 |    206 |     62 |      0 |    193 |   1 |  268.0 |
               +--------+--------+--------+--------+--------+-----+--------+

Top non-repeatable levels by time:
     D:4: 1171 daAuts
     D:3: 989 daAuts
     D:2: 916 daAuts
     D:1: 667 daAuts
  Temple: 268 daAuts
     D:5: 173 daAuts
